 Dungeon Crawl Stone Soup version 0.32-a0-646-g91cf321817 (webtiles) character file.

Game seed: 5455847647253179330

336 GeoRichter the Twirler (level 6, -3/72 HPs)
             Began as a Mountain Dwarf Reaver on Mar 8, 2024.
             Was an Initiate of Beogh.
             Slain by an iguana (7 damage)
             ... on level 5 of the Dungeon.
             The game lasted 00:07:21 (4206 turns).

GeoRichter the Twirler (Mountain Dwarf Reaver)      Turns: 4206, Time: 00:07:21

Health: -3/72      AC:  6    Str: 15    XL:     6   Next: 28%
Magic:  8/8        EV: 11    Int: 15    God:    Beogh [......]
Gold:   244        SH:  0    Dex:  8    Spells: 7/8 levels left

rFire   . . .        a - +0 hand axe
rCold   . . .        (no shield)
rNeg    . . .        b - +0 leather armour
rPois   .            w - +1 helmet
rElec   .            y - scarf {shadows}
rCorr   .            (no gloves)
SInv    .            x - +0 pair of boots
Will    .....        s - amulet of magic regeneration Stlth
                     (no ring)
HPRegen 0.32/turn    (no ring)
MPRegen 0.51/turn

%: no passive effects
@: berserking, very quick
A: runic magic, artefact enchanting
a: Renounce Religion


You were on level 5 of the Dungeon.
You worshipped Beogh.
Beogh was noncommittal.
You visited 1 branch of the dungeon, and saw 5 of its levels.

You collected 244 gold pieces.

Inventory:

Hand Weapons
 a - a +0 hand axe (weapon)
Armour
 b - a +0 leather armour (worn)
 w - a +1 helmet (worn)
   (You found it on level 4 of the Dungeon)
 x - a +0 pair of boots (worn)
   (You found it on level 4 of the Dungeon)
 y - a scarf of shadows (worn)
   (You found it on level 4 of the Dungeon)
Magical Staves
 f - a staff of conjuration {!a}
   (You found it on level 1 of the Dungeon)
Jewellery
 s - an amulet of magic regeneration (around neck)
   (You found it on level 3 of the Dungeon)
Wands
 l - a wand of paralysis (6)
   (You found it on level 2 of the Dungeon)
 p - a wand of digging (5)
   (You found it on level 4 of the Dungeon)
Scrolls
 c - a scroll of summoning {unknown}
 e - a scroll of revelation {unknown}
 j - a scroll of immolation {unknown}
 o - a scroll of enchant armour {unknown}
 q - a scroll of amnesia {unknown}
 r - 4 scrolls of identify {unknown}
 t - a scroll of silence {unknown}
 v - a scroll of blinking {unknown}
Potions
 d - a potion of lignification {unknown}
 g - a potion of attraction {unknown}
 h - a potion of magic {unknown}
 i - 3 potions of heal wounds {unknown}
 k - a potion of curing {unknown}
 m - a potion of mutation {unknown}
 u - a potion of degeneration {unknown}
 z - a potion of might {unknown}


   Skills:
 - Level 2.1 Fighting
 - Level 4.5 Axes
 * Level 5.1 Staves
 - Level 1.3 Dodging
 - Level 1.7 Spellcasting
 + Level 4.1 Conjurations


You had 7 spell levels left.
You knew the following spells:

 Your Spells              Type           Power      Damage    Failure   Level
a - Kiss of Death         Conj/Necr      28%        2d7       10%         1

Your spell library contained the following spells:

 Spells                   Type           Power      Damage    Failure   Level
 Momentum Strike          Conj/Tloc      14%        3d8       16%         2
 Hailstorm                Conj/Ice       7%         3d5       30%         3
 Blink                    Tloc           2%         N/A       34%         2
 Lesser Beckoning         Tloc           2%         N/A       34%         2
 Mercury Vapours          Alch/Air       2%         N/A       34%         2
 Mephitic Cloud           Conj/Alch/Air  5%         N/A       36%         3
 Freezing Cloud           Conj/Ice/Air   2%         6-21      98%         5


Dungeon Overview and Level Annotations

Branches:
Dungeon (5/15) Zot: 25747  Temple (0/1) D:4

Altars:
Vehumet

Shops:
D:3 :

Annotations:
D:3 2 runed translucent doors, Ank's ghost, amateur DsGl; Crazy Yiuf


Innate Abilities, Weirdness & Mutations

Your spellcasting is much less encumbered by armour.
You can use scrolls of enchantment on lesser artefacts.


Message History

The iguana bites you.
You barely miss the iguana.
The iguana is heavily wounded.
The iguana bites you but does no damage.
You barely miss the iguana.
The iguana is heavily wounded.
The iguana bites you.
You hit the iguana.
The iguana is almost dead.
The iguana closely misses you.
You closely miss the iguana.
The iguana is almost dead.
The iguana bites you!
You are too injured to fight recklessly!
You are too injured to fight recklessly!
You are too injured to fight recklessly!
You barely miss the iguana.
The iguana is almost dead.
The iguana bites you!
* * * LOW HITPOINT WARNING * * *
You barely miss the iguana.
The iguana is almost dead.
The iguana bites you.
* * * LOW HITPOINT WARNING * * *
The iguana misses you.
You hit the iguana but do no damage.
The iguana is almost dead.
The iguana hisses menacingly.
The iguana bites you.
* * * LOW HITPOINT WARNING * * *
You closely miss the iguana.
The iguana is almost dead.
The iguana barely misses you.
You completely miss the iguana.
The iguana is almost dead.
The iguana bites you!
* * * LOW HITPOINT WARNING * * *
You closely miss the iguana.
The iguana is almost dead.
The iguana barely misses you.
You hit the iguana.
The iguana is almost dead.
The iguana closely misses you.
You hit the iguana but do no damage.
The iguana is almost dead.
The iguana bites you.
* * * LOW HITPOINT WARNING * * *
A red film seems to cover your vision as you go berserk!
You feel yourself moving faster!
You feel mighty! The iguana bites you!
You die...

#....>......+..
#...........#..
#######...........#..
#....##...........#..
#....##...........#†.
#....##..............
#.....+..............
#...l##............##
#...@...........##.#
#..###############^##
#. ..... # #.#


You could see an iguana.

Vanquished Creatures
  A black bear (D:5)
  A centaur (D:5)
  An iguana (D:5)
  Jessica (D:2)
  Robin (D:2)
  2 adders (D:3)
  A dart slug (D:1)
  4 ribbon worms
  2 orcs (D:4)
  2 bats (D:1)
  4 endoplasms
  2 giant cockroaches (D:1)
  15 goblins
  6 hobgoblins
  2 jackals (D:3)
  4 kobolds
  5 quokkas
  6 ball pythons
  5 frilled lizards
  2 rats (D:2)
67 creatures vanquished.

Notes
Turn   | Place    | Note
-------+----------+-------------------------------------------
     0 | D:1      | GeoRichter the Mountain Dwarf Reaver began the quest for
                  | the Orb.
     0 | D:1      | Reached XP level 1. HP: 17/17 MP: 3/3
   243 | D:1      | Reached XP level 2. HP: 24/24 MP: 4/4
   826 | D:2      | Noticed Jessica
   837 | D:2      | Reached skill level 1 in Staves
   848 | D:2      | Killed Jessica
   849 | D:2      | Reached skill level 2 in Staves
   849 | D:2      | Reached XP level 3. HP: 29/29 MP: 5/5
   984 | D:2      | Noticed Robin
  1007 | D:2      | Killed Robin
  1008 | D:2      | Reached XP level 4. HP: 10/36 MP: 6/6
  2014 | D:3      | Reached skill level 3 in Staves
  2104 | D:3      | Found a runed translucent door.
  2104 | D:3      | Noticed Ank's ghost (amateur DsGl)
  2355 | D:3      | Found Ocupeu's Book Shoppe.
  2367 | D:3      | Found a faded altar of an unknown god.
  2528 | D:3      | Found a runed translucent door.
  2529 | D:3      | Noticed Crazy Yiuf
  2954 | D:4      | Found a radiant altar of Vehumet.
  2972 | D:4      | Became a worshipper of Beogh the Shepherd
  3352 | D:4      | Found a staircase to the Ecumenical Temple.
  3570 | D:5      | Entered Level 5 of the Dungeon
  3591 | D:5      | Noticed a centaur
  3605 | D:5      | Killed a centaur
  3606 | D:5      | Reached skill level 4 in Staves
  3606 | D:5      | Reached XP level 5. HP: 4/37 MP: 5/7
  3766 | D:5      | Noticed a black bear
  3795 | D:5      | Killed a black bear
  3796 | D:5      | Reached skill level 5 in Staves
  3796 | D:5      | Reached XP level 6. HP: 24/48 MP: 8/8
  4205 | D:5      | HP: 2/48 [iguana (5)]
  4206 | D:5      | Slain by an iguana

Illustrated notes

Levels and vault maps discovered:
D:1:      lightli_arrival_lavapool, layout_loops_ring
D:2:      layout_loops_ring, kennysheep_generic_room_14, uniq_jessica,
          uniq_robin
D:3:      layout_basic, gammafunk_ghost_grave,
          hellmonk_ecumenical_altar_dog_temple, serial_shops, shop,
          uniq_crazy_yiuf_cottage
D:4:      layout_basic, nicolae_vehumet_radiance, minmay_temple_entry_hall,
          chequers_serial_rivers_large_a
D:5:      layout_basic, zin_treasury

Skill      XL: |  1  2  3  4  5 |
---------------+----------------+-----
Axes           | 4 |  4.5
Staves         | 2 4 5 |  5.1
Conjurations   | 3 4 |  4.1
Fighting       | |  2.1
Dodging        | |  1.3
Spellcasting   | |  1.7

Action                     |  1- 3 |  4- 6 || total
---------------------------+-------+-------++-------
  Melee: Hand axe          |    98 |   187 ||   285
   Cast: Kiss of Death     |       |     3 ||     3
 Invoke: Convert to Beogh  |       |     1 ||     1
  Evoke: Wand              |     2 |     4 ||     6
    Use: Potion            |     1 |     1 ||     2
   Stab: Paralysed         |     6 |     8 ||    14
 Armour: Leather armour    |    64 |   139 ||   203
  Dodge: Dodged            |    43 |    93 ||   136

Table legend: (Time is in decaauts)
 A = Elapsed time spent in this place.
 B = Non-inter-level travel time spent in this place.
 C = Inter-level travel time spent in this place.
 D = Time resting spent in this place.
 E = Time spent auto-exploring this place.
 F = Levels seen in this place.
 G = Mean time per level.
                   A        B        C        D        E       F      G
               +--------+--------+--------+--------+--------+-----+--------+
         Total |   4251 |   4048 |    203 |    289 |   2825 |   5 |  850.2 |
       Dungeon |   4251 |   4048 |    203 |    289 |   2825 |   5 |  850.2 |
               +--------+--------+--------+--------+--------+-----+--------+

Top non-repeatable levels by time:
     D:2: 1051 daAuts
     D:1: 942 daAuts
     D:3: 872 daAuts
     D:4: 745 daAuts
     D:5: 639 daAuts
